 Dungeon Crawl Stone Soup version 0.29.0-4-gdea44cf6ec (webtiles) character file.

Game seed: 9697011036275708920

9961 qw the Cleaver (level 11, -8/71 HPs)
             Began as a Gargoyle Fighter on Sept 9, 2022.
             Was an Elder of Okawaru.
             Mangled by a death yak (12 damage)
             ... on level 1 of the Lair of Beasts.
             The game lasted 00:03:09 (10118 turns).

qw the Cleaver (Gargoyle Fighter)                  Turns: 10118, Time: 00:03:10

Health: -8/71      AC: 21    Str: 23    XL:     11   Next: 54%
Magic:  11/16      EV: 14    Int: 10    God:    Okawaru [****..]
Gold:   1205       SH:  6    Dex:  9    Spells: 10/10 levels left

rFire   . . .      SeeInvis .   Y - +6 war axe
rCold   . . .      Faith    .   c - +0 buckler
rNeg    + . .      Spirit   .   u - +0 chain mail
rPois   inf        Reflect  .   (no helmet)
rElec   +          Harm     .   (no cloak)
rCorr   .          Rampage  .   s - +0 pair of gloves
Will    .....                   (no boots)
Stlth   ..........              (no amulet)
HPRegen 0.21/turn               l - +4 ring of slaying {mikee}
MPRegen 0.15/turn               k - +4 ring of evasion

@: about to teleport, heroic, finesse-ful
A: sickness immunity, AC +8, negative energy resistance 1, electricity
resistance, torment resistance 1, petrification resistance
a: Renounce Religion, Heroism, Finesse


You were on level 1 of the Lair of Beasts.
You worshipped Okawaru.
Okawaru was greatly pleased with you.
You visited 3 branches of the dungeon, and saw 11 of its levels.

You collected 1255 gold pieces.
You spent 50 gold pieces at shops.


Innate Abilities, Weirdness & Mutations

You are immune to sickness and miasma.
Your stone body is resilient. (AC +8)
You are immune to poison.
You resist negative energy. (rN+)
You are resistant to electric shocks. (rElec)
You are resistant to unholy torment.
You are immune to petrification.


   Skills:
 - Level 9.3(14.3) Fighting
 + Level 11.8(16.8) Axes
 - Level 1.7(6.7) Throwing
 - Level 6.0(11.0) Armour
 - Level 2.0(7.0) Dodging
 - Level 5.2(10.2) Shields
 + Level 7.5 Invocations


You had 10 spell levels left.
You didn't know any spells.
Your spell library was empty.

Inventory:

Hand Weapons
 r - a +0 morningstar
 Y - a +6 war axe (weapon)
Missiles
 g - 2 boomerangs (quivered)
Armour
 c - a +0 buckler (worn)
 s - a +0 pair of gloves (worn)
 u - a +0 chain mail (worn)
Jewellery
 i - an amulet of reflection
 k - a +4 ring of evasion (right hand)
 l - a +4 ring of slaying (left hand) {mikee}
Scrolls
 a - a scroll of identify
 f - 4 scrolls of blinking
Potions
 d - 3 potions of might
 e - a potion of mutation
 h - 4 potions of curing
 j - a potion of magic
 m - a potion of lignification
 q - a potion of attraction
 t - 2 potions of heal wounds
 v - a potion of haste

Dungeon Overview and Level Annotations

Branches:
Dungeon (9/15)             Temple (1/1) D:5            Lair (1/5) D:9
    Orc (0/2) D:9

Altars:
Ashenzari
Cheibriados
Dithmenos
Elyvilon
Fedhas
Gozag
Hepliaklqana
Kikubaaqudgha
Makhleb
Nemelex Xobeh
Okawaru
Qazlal
Ru
Sif Muna
Trog
Uskayaw
Vehumet
Wu Jian
Xom
Yredelemnul
Zin
The Shining One

Shops:
D:1 **[[   D:5 *

Annotations:
D:2 1 runed translucent door, Crazy Yiuf
D:8 3 runed translucent doors, qw's ghost, novice DsCA
D:9 3 runed translucent doors, qw's ghost, journeyman GrFi; qw's ghost, novice GrBe


Message History

The death yak completely misses you. You block the bullfrog's attack.
You slash the bullfrog!
The bullfrog is severely wounded.
You barely miss the death yak. You slash the death yak!
The bullfrog closely misses you. The death yak closely misses you.
The death yak gores you but does no damage.
You slash the bullfrog!
You kill the bullfrog!
Okawaru accepts your kill.
You slash the death yak! x2
You slash the death yak!
The death yak is heavily wounded.
You hit the death yak but do no damage.
The blink frog blinks!
The death yak gores you!
You barely miss the death yak.
The death yak is moderately wounded.
You hit the death yak. You slice the death yak!!
The death yak is severely wounded.
You hit the death yak. You barely miss the death yak.
The death yak is severely wounded.
You slash the death yak!
The death yak gores you but does no damage.
You slash the death yak!
The death yak is almost dead.
You barely miss the death yak. You slice the death yak!!
You hit the death yak but do no damage.
The death yak is almost dead.
You barely miss the death yak. You hit the death yak.
The blink frog blinks!
You barely miss the death yak.
The death yak is almost dead.
You hit the death yak. x2
The death yak closely misses you. The death yak gores you! x2
10118 ||| READING scroll of teleportation.
As you read the scroll of teleportation, it crumbles to dust.
You feel strangely unstable.
The blink frog blinks!
The death yak gores you!
You die...

..... ....##
#.....# ...$.#
##....# #k....#
##YY..#
######%@YY.#
##..##...%.##
#......%...#
###........#
##..........#
##........)....
###¤.....##......
###.......¤#
###...
#####...........#
##.


You could see 4 death yaks and a rime drake.

Vanquished Creatures
  2 two-headed ogres (D:8)
  A death yak (Lair:1)
  A cyclops (D:8)
  A black mamba (Lair:1)
  4 komodo dragons (Lair:1)
  Grinder (D:3)
  2 blink frogs (Lair:1)
  12 yaks
  3 steam dragons
  5 water moccasins
  3 black bears
  An orc warrior (D:9)
  2 ice beasts (D:6)
  3 ogres
  4 centaurs
  6 wolves (Lair:1)
  A kobold brigand (D:8)
  2 necrophages (D:6)
  4 bullfrogs
  A scorpion (D:4)
  4 wights (D:6)
  7 howler monkeys
  3 hounds
  2 jellies (D:5)
  3 orc priests
  2 gnoll boudas
  2 iguanas (D:6)
  8 orc wizards
  11 gnolls
  7 adders
  An ufetubus (D:5)
  A worm (D:3)
  4 dart slugs
  21 orcs
  11 ball pythons
  4 bats
  7 endoplasms
  A giant cockroach (D:1)
  3 goblins
  6 hobgoblins
  3 jackals (D:1)
  3 quokkas
  2 frilled lizards
  8 kobolds
183 creatures vanquished.

Vanquished Creatures (others)
  3 fungi
  13 plants
16 creatures vanquished.

Grand Total: 199 creatures vanquished

Notes
Turn   | Place    | Note
-------+----------+-------------------------------------------
     0 | D:1      | qw the Gargoyle Fighter began the quest for the Orb.
     0 | D:1      | Reached XP level 1. HP: 14/14 MP: 1/1
     0 | D:1      | 0 ||| qw: Version: 0.1-a-113-g051387a
     0 | D:1      | 0 ||| qw: Game counter: 7144
     0 | D:1      | 0 ||| qw: Always use a shield: true
     0 | D:1      | 0 ||| qw: God list: Okawaru
     0 | D:1      | 0 ||| qw: Allow faded altars: false
     0 | D:1      | 0 ||| qw: Do Orc after D:15 true
     0 | D:1      | 0 ||| qw: Do second Lair branch before Depths: true
     0 | D:1      | 0 ||| qw: Lair rune preference: random
     0 | D:1      | 0 ||| qw: Plans: Normal, Zot, God:TSO, Crypt, Tomb, Zig,
                  | Orb
     0 | D:1      | 0 ||| PLANNING D:1-11
   135 | D:1      | Reached skill level 2 in Axes
   202 | D:1      | Reached XP level 2. HP: 14/19 MP: 2/2
   309 | D:1      | Found a faded altar of an unknown god.
   502 | D:1      | Found Niularij's General Store.
   514 | D:1      | 514 ||| SHOPLISTING +0 chain mail of willpower (115 gold,
                  | have 58).
   514 | D:1      | 514 ||| SHOPLISTING +2 ring mail of cold resistance (210
                  | gold, have 58).
   514 | D:1      | 514 ||| SHOPLISTING 3 scrolls of identify (60 gold, have
                  | 58).
   514 | D:1      | 514 ||| BUYING potion of heal wounds (50 gold).
   514 | D:1      | Bought a potion of heal wounds for 50 gold pieces
   514 | D:1      | 514 ||| SHOPLISTING scroll of brand weapon (95 gold, have
                  | 8).
   526 | D:1      | Found Ytto's General Store.
   530 | D:1      | Reached skill level 3 in Axes
   532 | D:1      | Reached XP level 3. HP: 18/23 MP: 3/3
   593 | D:1      | Found Ukle Tev's Armour Shop.
   598 | D:1      | 598 ||| SHOPLISTING 3 scrolls of enchant weapon (225 gold,
                  | have 8).
   598 | D:1      | 598 ||| SHOPLISTING scroll of enchant weapon (75 gold, have
                  | 8).
   598 | D:1      | 598 ||| SHOPLISTING scroll of fog (40 gold, have 8).
   598 | D:1      | 598 ||| SHOPLISTING scroll of identify (20 gold, have 8).
   598 | D:1      | 598 ||| SHOPLISTING scroll of teleportation (30 gold, have
                  | 8).
   605 | D:1      | 605 ||| SHOPLISTING +0 chain mail (58 gold, have 8).
   605 | D:1      | 605 ||| SHOPLISTING +3 chain mail of poison resistance (305
                  | gold, have 8).
   605 | D:1      | 605 ||| SHOPLISTING +4 skin of Zhor {*Englaciate rC+++
                  | SInv} (864 gold, have 8).
   685 | D:1      | Found Ahaxyqio's Antique Armour Shop.
   692 | D:1      | 692 ||| SHOPLISTING bloodstained plate armour (840 gold,
                  | have 8).
   692 | D:1      | 692 ||| SHOPLISTING chain mail (135 gold, have 8).
   692 | D:1      | 692 ||| SHOPLISTING helmet (135 gold, have 8).
   692 | D:1      | 692 ||| SHOPLISTING pair of boots (135 gold, have 8).
   692 | D:1      | 692 ||| SHOPLISTING pair of glowing boots (225 gold, have
                  | 8).
   692 | D:1      | 692 ||| SHOPLISTING twisted leather armour (210 gold, have
                  | 8).
   901 | D:1      | 901 ||| READING 2 scrolls labelled KIKOUT WEGGIAM.
  1241 | D:1      | 1241 ||| READING scroll labelled GIVIESCH LODGH.
  1245 | D:1      | 1245 ||| READING scroll labelled FOMI JEINNE.
  1246 | D:1      | 1246 ||| DRINKING 2 fizzy cyan potions.
  1298 | D:2      | 1298 ||| Stepping ~*~*~tactically~*~*~ (stealth).
  1304 | D:2      | 1304 ||| Stepping ~*~*~tactically~*~*~ (stealth).
  1305 | D:2      | 1305 ||| Stepping ~*~*~tactically~*~*~ (stealth).
  1327 | D:2      | Found a runed translucent door.
  1328 | D:2      | Noticed Crazy Yiuf
  1817 | D:2      | 1817 ||| UPGRADING to +4 ring of slaying {mikee}.
  1818 | D:2      | 1818 ||| READING scroll labelled WEMEELO PEMEUF.
  1819 | D:2      | 1819 ||| READING 2 scrolls of identify.
  1819 | D:2      | 1819 ||| IDENTIFYING inky potion
  1928 | D:3      | 1928 ||| DROPPING +0 club.
  2134 | D:3      | Found a glowing golden altar of the Shining One.
  2192 | D:3      | Noticed Grinder
  2193 | D:3      | Paralysed by Grinder for 5 turns
  2200 | D:3      | HP: 5/23 [worm (7)]
  2201 | D:3      | 2201 ||| READING scroll of teleportation.
  2202 | D:3      | 2202 ||| DRINKING potion of heal wounds.
  2485 | D:3      | Paralysed by Grinder for 4 turns
  2492 | D:3      | 2492 ||| FLEEEEING.
  2493 | D:3      | 2493 ||| Stepping ~*~*~tactically~*~*~ (hiding).
  2497 | D:3      | 2497 ||| FLEEEEING.
  2498 | D:3      | 2498 ||| FLEEEEING.
  2499 | D:3      | 2499 ||| FLEEEEING.
  2500 | D:3      | 2500 ||| FLEEEEING.
  2501 | D:3      | 2501 ||| FLEEEEING.
  2501 | D:3      | Paralysed by Grinder for 5 turns
  2509 | D:3      | 2509 ||| Stepping ~*~*~tactically~*~*~ (hiding).
  2512 | D:3      | Paralysed by Grinder for 4 turns
  2516 | D:3      | Killed Grinder
  2517 | D:3      | Reached skill level 5 in Axes
  2517 | D:3      | Reached XP level 4. HP: 14/28 MP: 4/4
  2517 | D:3      | Reached XP level 5. HP: 16/32 MP: 5/5
  2517 | D:3      | Reached XP level 6. HP: 19/37 MP: 6/6
  2790 | D:3      | 2790 ||| READING 3 scrolls labelled XAONAMMIAL.
  2791 | D:3      | 2791 ||| READING scroll labelled ZEFODGH XONUS.
  2792 | D:3      | 2792 ||| READING scroll labelled ARISTR BOXO.
  2792 | D:3      | Identified a scroll of acquirement
  2792 | D:3      | 2792 ||| ACQUIRING 561 gold pieces
  2792 | D:3      | Acquired 561 gold pieces
  3071 | D:4      | 3071 ||| Stepping ~*~*~tactically~*~*~ (stealth).
  3076 | D:4      | 3076 ||| Stepping ~*~*~tactically~*~*~ (stealth).
  3085 | D:4      | Found a blossoming altar of Fedhas.
  3085 | D:4      | Found a white marble altar of Elyvilon.
  3086 | D:4      | Found an ornate altar of the Wu Jian Council.
  3087 | D:4      | 3087 ||| Stepping ~*~*~tactically~*~*~ (hiding).
  3090 | D:4      | 3090 ||| Stepping ~*~*~tactically~*~*~ (hiding).
  3094 | D:4      | 3094 ||| Stepping ~*~*~tactically~*~*~ (hiding).
  3100 | D:4      | Reached skill level 1 in Dodging
  3124 | D:4      | Found a snail-covered altar of Cheibriados.
  3126 | D:4      | Noticed a black bear
  3136 | D:4      | Killed a black bear
  3137 | D:4      | Reached skill level 6 in Axes
  3137 | D:4      | Reached XP level 7. HP: 37/43 MP: 7/7
  3221 | D:4      | 3221 ||| Stepping ~*~*~tactically~*~*~ (stealth).
  3422 | D:4      | 3422 ||| Stepping ~*~*~tactically~*~*~ (hiding).
  3622 | D:4      | Reached skill level 7 in Axes
  3848 | D:4      | 3848 ||| READING scroll of enchant weapon.
  3848 | D:4      | 3848 ||| ENCHANTING +1 war axe.
  3895 | D:4      | 3895 ||| UPGRADING to +0 pair of gloves.
  3900 | D:4      | 3900 ||| UPGRADING to ring of protection from cold.
  3901 | D:4      | 3901 ||| DROPPING +6 ring of intelligence.
  3902 | D:4      | 3902 ||| READING scroll labelled KIMOOT TYOFUE.
  3903 | D:4      | 3903 ||| DRINKING 2 orange potions.
  3904 | D:4      | 3904 ||| DROPPING potion of magic.
  3910 | D:5      | Entered Level 5 of the Dungeon
  4335 | D:5      | Reached XP level 8. HP: 49/49 MP: 8/8
  4344 | D:5      | Reached skill level 1 in Throwing
  4535 | D:5      | Found a hazy altar of Hepliaklqana.
  4598 | D:5      | Found Vylyis's Serpentskin Sales.
  4656 | D:5      | Found a staircase to the Ecumenical Temple.
  4657 | D:5      | 4657 ||| PLANNING TEMPLE
  4657 | D:5      | 4657 ||| UPGRADING to +0 chain mail.
  4667 | D:5      | 4667 ||| DROPPING +0 scale mail.
  4668 | D:5      | 4668 ||| READING scroll labelled EMARRE CEPREBI.
  4669 | D:5      | 4669 ||| READING scroll labelled YWAXZYQ PEAXIS.
  4670 | D:5      | 4670 ||| DRINKING 2 cyan potions.
  4692 | D:5      | 4692 ||| READING 2 scrolls of identify.
  4692 | D:5      | 4692 ||| IDENTIFYING metallic sapphire potion
  4693 | D:5      | 4693 ||| DROPPING potion of berserk rage.
  4713 | D:5      | 4713 ||| Stepping ~*~*~tactically~*~*~ (stealth).
  4715 | D:5      | 4715 ||| Stepping ~*~*~tactically~*~*~ (stealth).
  4763 | Temple   | Entered the Ecumenical Temple
  4768 | Temple   | Became a worshipper of Warmaster Okawaru
  4769 | Temple   | 4769 ||| PLANNING D:1-11
  4980 | D:5      | Reached skill level 8 in Axes
  5122 | D:5      | Noticed an angel
  5123 | D:5      | Found a glowing silver altar of Zin.
  5182 | D:6      | 5182 ||| Stepping ~*~*~tactically~*~*~ (stealth).
  5259 | D:6      | Reached skill level 6 in Fighting
  5694 | D:6      | Reached * piety under Okawaru
  5699 | D:6      | 5699 ||| INVOKING Heroism.
  5704 | D:6      | Reached skill level 1 in Invocations
  5704 | D:6      | Reached XP level 9. HP: 37/56 MP: 6/9
  5831 | D:6      | 5831 ||| READING scroll of enchant weapon.
  5831 | D:6      | 5831 ||| ENCHANTING +2 war axe.
  5948 | D:6      | 5948 ||| INVOKING Heroism.
  6003 | D:6      | Found a sparkling altar of Nemelex Xobeh.
  6009 | D:6      | Reached skill level 3 in Invocations
  6086 | D:6      | 6086 ||| INVOKING Heroism.
  6092 | D:6      | Reached skill level 9 in Axes
  6168 | D:6      | 6168 ||| DROPPING +0 flail.
  6218 | D:6      | 6218 ||| DRINKING 2 golden potions.
  6219 | D:6      | 6219 ||| READING 2 scrolls of identify.
  6219 | D:6      | 6219 ||| IDENTIFYING sedimented pink potion
  6220 | D:6      | 6220 ||| DROPPING potion of invisibility.
  6221 | D:6      | 6221 ||| DROPPING potion of flight.
  6279 | D:7      | 6279 ||| READING scroll of enchant weapon.
  6279 | D:7      | 6279 ||| ENCHANTING +3 war axe.
  6353 | D:7      | 6353 ||| Stepping ~*~*~tactically~*~*~ (hiding).
  6354 | D:7      | 6354 ||| Stepping ~*~*~tactically~*~*~ (hiding).
  6357 | D:7      | 6357 ||| INVOKING Heroism.
  6522 | D:7      | Found an ancient bone altar of Kikubaaqudgha.
  6545 | D:7      | 6545 ||| Stepping ~*~*~tactically~*~*~ (hiding).
  6547 | D:7      | 6547 ||| INVOKING Heroism.
  6548 | D:7      | 6548 ||| Stepping ~*~*~tactically~*~*~ (cloud).
  6682 | D:7      | Found a shimmering altar of Xom.
  6829 | D:7      | 6829 ||| READING 2 scrolls of enchant weapon.
  6829 | D:7      | 6829 ||| ENCHANTING +4 war axe.
  6830 | D:7      | 6830 ||| READING scroll of enchant weapon.
  6830 | D:7      | 6830 ||| ENCHANTING +5 war axe.
  6938 | D:7      | 6938 ||| Stepping ~*~*~tactically~*~*~ (hiding).
  6945 | D:7      | 6945 ||| INVOKING Heroism.
  7081 | D:7      | 7081 ||| READING scroll labelled JIVILU ENOUTRO.
  7101 | D:8      | Found a stormy altar of Qazlal.
  7134 | D:8      | Reached ** piety under Okawaru
  7168 | D:8      | 7168 ||| INVOKING Heroism.
  7176 | D:8      | Reached skill level 10 in Axes
  7238 | D:8      | Found a runed translucent gate.
  7239 | D:8      | Found a runed translucent gate.
  7240 | D:8      | Noticed qw's ghost (novice DsCA)
  7245 | D:8      | Found a runed translucent gate.
  7247 | D:8      | Noticed a kobold demonologist
  7360 | D:8      | Reached XP level 10. HP: 56/63 MP: 13/13
  7372 | D:8      | 7372 ||| INVOKING Heroism.
  7531 | D:8      | Found a burning altar of Makhleb.
  7797 | D:8      | 7797 ||| Stepping ~*~*~tactically~*~*~ (cloud).
  7812 | D:8      | 7812 ||| Stepping ~*~*~tactically~*~*~ (hiding).
  7813 | D:8      | 7813 ||| INVOKING Heroism.
  7818 | D:8      | 7818 ||| Stepping ~*~*~tactically~*~*~ (cloud).
  8141 | D:8      | 8141 ||| INVOKING Heroism.
  8260 | D:8      | 8260 ||| DROPPING ring of positive energy.
  8261 | D:8      | 8261 ||| DROPPING ring of resist corrosion.
  8262 | D:8      | 8262 ||| UPGRADING to +4 ring of evasion.
  8264 | D:8      | 8264 ||| DROPPING ring of protection from cold.
  8265 | D:8      | 8265 ||| READING scroll labelled QAGUARU CAFO.
  8266 | D:8      | 8266 ||| DRINKING 2 red potions.
  8367 | D:8      | 8367 ||| DROPPING potion of ambrosia.
  8382 | D:9      | Noticed a two-headed ogre
  8383 | D:9      | 8383 ||| INVOKING Heroism.
  8388 | D:9      | 8388 ||| STAIRDANCE
  8397 | D:8      | Killed a two-headed ogre
  8397 | D:8      | Reached *** piety under Okawaru
  8398 | D:8      | Reached skill level 11 in Axes
  8439 | D:9      | 8439 ||| STAIRDANCE
  8465 | D:9      | 8465 ||| STAIRDANCE
  8496 | D:9      | Noticed a two-headed ogre
  8497 | D:9      | 8497 ||| STAIRDANCE
  8526 | D:9      | 8526 ||| STAIRDANCE
  8567 | D:9      | 8567 ||| STAIRDANCE
  8569 | D:8      | 8569 ||| INVOKING Heroism.
  8575 | D:8      | Killed a two-headed ogre
  8575 | D:8      | Reached **** piety under Okawaru
  8576 | D:8      | Reached skill level 9 in Fighting
  8688 | D:9      | Noticed a cyclops
  8689 | D:9      | 8689 ||| STAIRDANCE
  8716 | D:9      | 8716 ||| STAIRDANCE
  8806 | D:9      | 8806 ||| STAIRDANCE
  8832 | D:9      | 8832 ||| STAIRDANCE
  8834 | D:8      | 8834 ||| INVOKING Heroism.
  8838 | D:8      | Killed a cyclops
  9105 | D:9      | Found a staircase to the Lair.
  9141 | D:9      | 9141 ||| Stepping ~*~*~tactically~*~*~ (stealth).
  9153 | D:9      | Reached XP level 11. HP: 61/71 MP: 14/14
  9154 | D:9      | Reached skill level 6 in Armour
  9439 | D:9      | Found a staircase to the Orcish Mines.
  9489 | D:9      | 9489 ||| Stepping ~*~*~tactically~*~*~ (hiding).
  9493 | D:9      | 9493 ||| INVOKING Heroism.
  9565 | D:9      | Found a runed translucent gate.
  9565 | D:9      | Found a runed translucent gate.
  9575 | D:9      | Found a runed translucent gate.
  9576 | D:9      | Noticed qw's ghost (novice GrBe)
  9593 | D:9      | Noticed qw's ghost (journeyman GrFi)
  9841 | D:9      | 9841 ||| PLANNING LAIR
  9841 | D:9      | 9841 ||| READING 4 scrolls of identify.
  9841 | D:9      | 9841 ||| IDENTIFYING pink potion
  9842 | D:9      | 9842 ||| READING 3 scrolls of identify.
  9842 | D:9      | 9842 ||| IDENTIFYING ruby potion
  9843 | D:9      | 9843 ||| READING 2 scrolls of identify.
  9843 | D:9      | 9843 ||| IDENTIFYING coppery potion
  9844 | D:9      | 9844 ||| DROPPING potion of brilliance.
  9935 | Lair:1   | Entered Level 1 of the Lair of Beasts
  9943 | Lair:1   | Received a gift from Okawaru
  9946 | Lair:1   | 9946 ||| INVOKING Heroism.
  9994 | Lair:1   | 9994 ||| INVOKING Heroism.
 10062 | Lair:1   | 10062 ||| INVOKING Heroism.
 10067 | Lair:1   | Reached skill level 6 in Invocations
 10090 | Lair:1   | Noticed a death yak
 10093 | Lair:1   | Noticed a death yak
 10098 | Lair:1   | Noticed a death yak
 10102 | Lair:1   | Killed a death yak
 10102 | Lair:1   | Noticed a death yak
 10103 | Lair:1   | Noticed a death yak
 10107 | Lair:1   | Reached ***** piety under Okawaru
 10108 | Lair:1   | 10108 ||| INVOKING Finesse.
 10117 | Lair:1   | HP: 10/71 [death yak (15)]
 10117 | Lair:1   | HP: 3/71 [death yak (7)]
 10118 | Lair:1   | 10118 ||| READING scroll of teleportation.
 10118 | Lair:1   | Mangled by a death yak

Levels and vault maps discovered:
D:1:      scummos_arrival_gate, layout_basic, serial_shops, shop, shop_statue,
          nicolae_shop_statue_plus, shop,
          shapermc_ecumenical_altar_mp_urbaneastern, minmay_strange_pillars,
          reono_crystal_passage, nicolae_concentric_dashed_squares_mild
D:2:      layout_rooms, serial_forest, infiniplex_forest_end_1,
          infiniplex_forest_lined_2, infiniplex_forest_straight_2,
          infiniplex_forest_clump_double, infiniplex_forest_straight_1,
          infiniplex_forest_end_2, infiniplex_forest_straight_3,
          infiniplex_forest_straight_4, infiniplex_forest_end_2,
          infiniplex_forest_lined_2, uniq_crazy_yiuf_cottage
D:3:      layout_loops_ring, nicolae_tso_carved_into_rock, uniq_grinder
D:4:      layout_rooms, overflow_temple_1_default,
          gammafunk_temple_overflow_forgotten, serial_corexii_hall,
          chequers_hall_statues_wall_a, corexii_hall_statues_x
D:5:      layout_loops_ring, zin_angel, marbit_many_paths,
          minmay_temple_entry_slanted, guppyfry_shop_venom
D:6:      layout_rooms, mainiacjoe_overflow_tiny_flanked,
          minmay_misc_feat_tower, kennysheep_another_room, serial_bayou_crossing
D:7:      nicolae_cairo_tiling_very_big, layout_basic, xom_butterflies,
          kennysheep_little_box
D:8:      layout_loops_ring, nicolae_qazlal_style_of_elements,
          mainiacjoe_overflow_paths, gammafunk_ghost_nasty_kobolds
D:9:      layout_loops_ring, lair_entry_dummy, orc_0_dummy,
          gammafunk_ghost_cemetery
Temple:   hellmonk_temple_micro_hex
Lair:1:   layout_hall_layers, basic_altar

Skill      XL: |  1  2  3  4  5  6  7  8  9 10 11 |
---------------+----------------------------------+-----
Axes           | 2 3 5 6 7 8 10 11 | 11.8
Fighting       | 4 5 6 7 9 |  9.3
Dodging        | 1 2 |  2.0
Throwing       | 1 |  1.7
Armour         | 4 5 6 |  6.0
Invocations    | 1 4 5 7 |  7.5
Shields        | 4 5 |  5.2

Action                   |  1- 3 |  4- 6 |  7- 9 | 10-12 || total
-------------------------+-------+-------+-------+-------++-------
Melee: War axe           |    86 |    44 |   178 |   160 ||   468
Throw: Boomerang         |    15 |     5 |    57 |    25 ||   102
Invok: Heroism           |       |       |     7 |    10 ||    17
       Finesse           |       |       |       |     1 ||     1
  Use: Scroll            |     6 |     3 |    11 |     5 ||    25
       Potion            |     2 |       |     3 |     1 ||     6
Armor: Scale mail        |    55 |    33 |    46 |       ||   134
       Chain mail        |       |       |    64 |    45 ||   109
Dodge: Dodged            |    35 |    22 |    72 |    86 ||   215
Block: Buckler           |    20 |     7 |    34 |    26 ||    87

Table legend:
 A = Non-vault XP
 B = Vault XP
 C = Vault XP percentage of total XP
 D = Non-vault monster count
 E = Vault monster count
 F = Vault count percentage of total count
                 A         B        C        D         E       F
            +---------+---------+-------+---------+---------+-------
      Total |   13777 |     454 |   3.2 |     177 |       6 |   3.3
            +---------+---------+-------+---------+---------+-------
        D:1 |      43 |       0 |   0.0 |      21 |       0 |   0.0
        D:2 |       7 |       0 |   0.0 |       4 |       0 |   0.0
        D:3 |      23 |     272 |  92.2 |      12 |       1 |   7.7
        D:4 |     669 |       0 |   0.0 |      30 |       0 |   0.0
        D:5 |     486 |     182 |  27.2 |      15 |       5 |  25.0
        D:6 |    1449 |       0 |   0.0 |      23 |       0 |   0.0
        D:7 |     667 |       0 |   0.0 |      11 |       0 |   0.0
        D:8 |    5108 |       0 |   0.0 |      33 |       0 |   0.0
        D:9 |     817 |       0 |   0.0 |       9 |       0 |   0.0
     Lair:1 |    4508 |       0 |   0.0 |      19 |       0 |   0.0
            +---------+---------+-------+---------+---------+-------
